Map: Tours du crépuscule

Players

Zerger - Winner!

  • Race: Zerg Zerg
  • League: Gold

civilnic

  • Race: Protoss Protoss

VOD

Have the link to the VOD?

Description

Time

  • Played on: March 9, 2016, 5:26 p.m.
  • Length: 31:32
Show
View Real Time Build Order
Export as new Build Order

Zerger Zerg - Winner!

Build Orders: Hatch First, Swarm Host 

Get SALT Encoding   

  12  0:01  Drone  
  13  0:09  Drone  
  14  0:22  Extractor x2  
  14  0:23  Drone x2  
  15  0:48  Hatchery  
  14  1:03  Spawning Pool  
  13  1:15  Drone  
  14  1:20  Overlord  
  14  1:41  Drone x3  
  14  1:46  Extractor  
  16  1:51  Queen  
  16  1:53  Zergling x2  
  20  2:03  Queen  
  20  2:04  Drone  
  23  2:28  Drone x5  
  28  2:34  Metabolic Boost  
  28  2:55  Overlord  
  28  3:01  Extractor  
  28  3:04  Drone  
  28  3:05  Overlord  
  27  3:15  Drone x2  
  27  3:18  Drone  
  30  3:23  Hatchery  
  30  3:24  Drone x2  
  31  3:36  Lair  
  31  3:38  Drone  
  32  3:50  Extractor  
  32  3:54  Zergling x2  
  32  4:01  Drone x6  
  32  4:02  Drone x2  
  40  4:10  Queen  
  40  4:16  Spore Crawler  
  41  4:18  Drone  
  41  4:19  Drone  
  41  4:22  Overlord  
  43  4:38  Overseer  
  43  4:42  Overseer  
  43  4:45  Extractor  
  43  4:47  Drone x3  
  43  4:48  Spore Crawler, Drone x5  
  49  4:53  Queen  
  49  4:56  Drone  
  52  5:05  Spire  
  51  5:13  Drone x5  
  56  5:40  Overlord x2  
  56  5:41  Overlord  
  56  5:44  Extractor  
  56  5:46  Extractor  
  54  5:59  Spire  
  54  6:00  Drone  
  54  6:02  Drone x11  
  65  6:08  Spore Crawler  
  64  6:34  Drone  
  64  6:35  Drone x12  
  78  7:20  Overlord x2  
  78  7:22  Infestation Pit  
  76  7:24  Evolution Chamber x2  
  74  7:38  Hatchery  
  74  7:39  Drone x4  
  77  7:45  Zergling x2  
  77  7:46  Zergling x18  
  87  7:56  Overseer  
  87  7:59  Zerg Ground Armor Level 1, Zerg Missile Weapons Level 1  
  87  8:02  Overlord x3  
  87  8:08  Nydus Network  
  86  8:18  Zergling x12  
  86  8:19  Swarm Host  
  88  8:20  Overlord x4  
  88  8:32  Zergling x6  
  91  8:35  Swarm Host  
  91  8:36  Queen  
  96  8:44  Swarm Host x3  
  105  8:56  Zergling x6  
  105  8:57  Zergling x2  
  105  9:01  Swarm Host x3  
  115  9:09  Zergling x2  
  115  9:17  Swarm Host  
  115  9:18  Swarm Host x3  
  127  9:24  Drone  
  127  9:27  Overlord x4  
  128  9:34  Overlord x3  
  128  9:43  Hive  
  128  9:46  Overlord x6  
  128  9:50  Overseer  
  128  10:06  Zerg Ground Armor Level 2, Zerg Missile Weapons Level 2  
  128  10:09  Hydralisk Den  
  128  10:12  Zergling x22  
  128  10:13  Zergling x6  
  141  10:20  Nydus Canal  
  141  11:00  Swarm Host  
  141  11:01  Swarm Host x16  
  141  11:02  Swarm Host  
  195  11:10  Drone x2  
  195  11:11  Drone x2  
  199  11:27  Drone  
  199  11:28  Overlord  
  199  11:30  Muscular Augments  
  200  11:35  Nydus Canal  
  200  12:05  Spore Crawler  
  200  12:06  Spore Crawler x2  
  200  12:07  Spore Crawler x2  
  195  12:10  Spore Crawler  
  195  12:11  Drone x4  
  195  12:12  Drone  
  199  12:22  Zerg Melee Weapons Level 1  
  199  12:28  Nydus Canal  
  199  12:42  Nydus Canal  
  199  13:18  Spore Crawler  
  199  13:19  Spore Crawler  
  197  13:20  Spore Crawler  
  197  13:21  Spore Crawler  
  195  13:48  Viper  
  195  13:54  Spore Crawler  
  197  13:56  Nydus Canal  
  197  13:57  Spore Crawler  
  195  14:21  Extractor  
  194  14:27  Extractor  
  193  14:39  Viper x2  
  199  15:21  Overseer  
  199  16:18  Nydus Canal  
  199  16:23  Extractor  
  199  16:24  Hatchery  
  197  16:26  Extractor  
  196  16:50  Nydus Canal  
  195  17:05  Overseer x3  
  195  17:06  Overseer  
  168  18:20  Zerg Flyer Weapons Level 1  
  163  18:50  Hatchery  
  163  18:53  Spore Crawler  
  161  19:47  Zergling x6  
  161  19:49  Mutalisk x2  
  161  19:50  Mutalisk x8  
  161  19:52  Spire  
  183  20:05  Overseer, Spine Crawler  
  177  20:20  Mutalisk x3  
  177  20:21  Mutalisk x2, Overlord  
  178  20:22  Overlord x4  
  179  20:29  Pneumatized Carapace  
  179  20:32  Spore Crawler  
  174  20:35  Drone  
  174  20:36  Mutalisk, Drone x2, Spine Crawler  
  174  20:37  Mutalisk x3  
  183  20:50  Mutalisk  
  183  20:51  Mutalisk x7  
  133  21:12  Mutalisk x15  
  133  21:13  Mutalisk x20  
  176  21:27  Mutalisk  
  178  21:35  Zergling x10  
  178  21:36  Zergling x2  
  184  21:42  Spore Crawler  
  184  21:46  Zerg Flyer Weapons Level 2  
  183  21:53  Zergling x16  
  191  22:13  Mutalisk  
  191  22:14  Mutalisk x3  
  195  22:42  Hatchery  
  194  22:47  Mutalisk  
  194  22:48  Mutalisk x2  
  187  23:17  Corruptor  
  185  23:22  Zergling x2  
  185  23:23  Zergling x16  
  185  23:24  Zergling x2  
  135  24:02  Zergling x20  
  145  24:03  Zergling x6  
  145  24:04  Adrenal Glands  
  148  24:32  Zergling x6  
  148  24:33  Zergling x12  
  157  24:52  Spore Crawler  
  156  24:53  Spore Crawler x5  
  156  24:54  Spore Crawler x3  
  156  24:55  Spore Crawler  
  156  24:57  Spore Crawler x4  
  156  24:58  Drone x8  
  156  24:59  Drone x8  
  159  25:18  Zergling x2  
  159  25:19  Zergling x26  
  173  25:31  Zerg Flyer Weapons Level 3, Zerg Flyer Armor Level 1  
  151  26:12  Zergling x16  
  151  26:13  Zergling x8  
  139  26:29  Corruptor x4  
  139  26:30  Corruptor  
  144  26:38  Corruptor x2  
  144  26:39  Corruptor x2  
  136  26:48  Zergling x2  
  136  26:49  Zergling x4  
  139  27:07  Extractor  
  136  27:08  Corruptor x2, Hatchery  
  136  27:09  Corruptor x5  
  136  27:11  Zergling x8  
  136  27:12  Zergling x4, Extractor  
  138  27:45  Zergling x18  
  138  27:46  Zergling x16  
  151  28:04  Corruptor x6  
  94  28:29  Zergling x4  
  94  28:30  Zergling x22  
  94  28:51  Overseer  
  89  29:06  Drone  
  48  30:06  Drone x3  
  51  30:34  Drone  
  52  30:52  Drone x2  
  52  30:54  Overlord  
  52  30:55  Overlord  
Show
View Real Time Build Order
Export as new Build Order

civilnic Protoss 

Build Orders: 1 Gate Expand 

Get SALT Encoding   

  12  0:01  Probe (Chrono Boost)  
  13  0:11  Probe (Chrono Boost)  
  14  0:18  Pylon  
  14  0:22  Probe (Chrono Boost)  
  15  0:37  Probe (Chrono Boost)  
  15  0:40  Gateway  
  16  0:45  Assimilator  
  16  0:48  Probe (Chrono Boost)  
  17  0:59  Probe (Chrono Boost)  
  18  1:09  Probe (Chrono Boost)  
  19  1:32  Nexus  
  19  1:38  Zealot  
  21  1:47  Probe (Chrono Boost)  
  21  1:53  Cybernetics Core  
  22  1:57  Pylon  
  22  2:12  Assimilator  
  22  2:15  Probe (Chrono Boost)  
  25  2:26  Probe (Chrono Boost)  
  24  2:31  Warp Gate  
  26  2:37  Mothership Core (Chrono Boost)  
  26  2:45  Probe (Chrono Boost)  
  27  2:55  Probe (Chrono Boost)  
  27  2:56  Probe (Chrono Boost), Sentry  
  31  3:15  Nexus  
  31  3:17  Pylon  
  31  3:21  Probe (Chrono Boost)  
  31  3:22  Probe (Chrono Boost)  
  31  3:25  Sentry  
  35  3:29  Pylon  
  35  3:32  Probe x2 (Chrono Boost)  
  37  3:40  Stargate  
  37  3:50  Probe (Chrono Boost)  
  37  3:51  Probe (Chrono Boost)  
  39  4:00  Gateway  
  39  4:01  Gateway  
  39  4:04  Pylon  
  39  4:07  Probe (Chrono Boost)  
  40  4:16  Sentry  
  42  4:18  Probe x2 (Chrono Boost)  
  42  4:21  Assimilator  
  44  4:24  Assimilator  
  44  4:29  Probe (Chrono Boost)  
  45  4:36  Forge  
  45  4:49  Probe x2 (Chrono Boost)  
  45  4:50  Pylon  
  47  4:54  Gateway  
  47  4:59  Probe (Chrono Boost)  
  48  5:00  Probe (Chrono Boost)  
  48  5:01  Probe (Chrono Boost)  
  48  5:02  Pylon  
  48  5:04  Phoenix (Chrono Boost)  
  52  5:08  Probe  
  52  5:09  Protoss Ground Weapons Level 1  
  53  5:14  Photon Cannon  
  53  5:21  Probe x2  
  53  5:23  Probe  
  53  5:28  Photon Cannon  
  56  5:31  Robotics Facility  
  56  5:36  Phoenix (Chrono Boost)  
  56  5:40  Probe  
  56  5:42  Probe x2  
  61  5:58  Phoenix (Chrono Boost)  
  63  6:14  Robotics Facility  
  63  6:19  Observer, Gateway  
  63  6:21  Probe  
  63  6:23  Probe  
  68  6:40  Phoenix (Chrono Boost)  
  68  6:45  Stargate  
  68  6:46  Pylon  
  68  7:05  Stalker  
  70  7:23  Phoenix (Chrono Boost)  
  72  7:36  Immortal x2  
  80  7:44  Zealot x5  
  89  8:00  Probe x2  
  89  8:02  Probe  
  89  8:04  Pylon  
  92  8:07  Pylon x2  
  92  8:11  Protoss Ground Armor Level 1 (Chrono Boost)  
  92  8:12  Twilight Council  
  92  8:16  Zealot x3  
  92  8:17  Zealot x2  
  92  8:31  Void Ray (Chrono Boost), Immortal  
  92  8:32  Immortal  
  104  8:43  Pylon  
  92  9:08  Void Ray (Chrono Boost)  
  96  9:11  Observer x2  
  96  9:18  Stalker  
  96  9:19  Stalker x4  
  106  9:26  Assimilator  
  106  9:31  Assimilator  
  106  9:37  Nexus  
  106  9:38  Photon Cannon, Pylon  
  106  9:41  Pylon  
  106  9:42  Photon Cannon  
  106  9:43  Gateway  
  106  9:44  Assimilator, Gateway  
  106  9:47  Void Ray (Chrono Boost)  
  106  9:48  Void Ray (Chrono Boost), Gateway  
  106  9:49  Assimilator  
  114  9:53  Robotics Bay  
  114  9:56  Pylon  
  114  10:06  Probe  
  114  10:11  Stalker x2  
  114  10:12  Photon Cannon, Zealot  
  121  10:17  Probe  
  121  10:20  Pylon  
  122  10:27  Probe  
  123  10:37  Zealot x2  
  123  10:38  Probe, Zealot, Stalker x2  
  123  10:39  Pylon  
  134  10:48  Probe x3  
  137  10:50  Probe  
  138  10:58  Probe  
  138  11:28  Pylon  
  138  11:30  Immortal x2  
  138  11:31  Pylon  
  146  11:40  Twilight Council  
  146  11:44  Pylon  
  146  11:47  Probe x2  
  146  11:48  Probe  
  146  11:49  Probe  
  150  11:55  Robotics Bay  
  150  11:57  Probe  
  150  11:58  Probe  
  152  12:09  Fleet Beacon  
  148  12:29  Pylon  
  132  12:39  Nexus  
  132  12:46  Dark Shrine  
  132  13:02  Stalker  
  132  13:03  Zealot x2, Stalker  
  140  13:07  Void Ray  
  144  13:17  Photon Cannon  
  144  13:20  Photon Cannon, Templar Archives  
  144  13:24  Protoss Ground Weapons Level 2 (Chrono Boost)  
  144  13:26  Colossus  
  141  13:50  Void Ray  
  143  14:07  Zealot x2  
  147  14:17  Stalker  
  147  14:18  Stalker  
  151  14:33  Void Ray  
  130  14:56  Nexus  
  130  14:58  Probe  
  131  15:00  Probe  
  132  15:08  Probe  
  132  15:12  Probe  
  134  15:30  High Templar  
  134  15:31  High Templar x4  
  134  15:32  High Templar x3  
  150  15:58  Archon x3  
  150  15:59  Archon  
  150  16:18  Nexus  
  150  16:24  Tempest x2  
  158  16:34  Zealot x2  
  158  16:35  Zealot x2, Dark Templar  
  168  16:40  Dark Templar  
  170  16:53  Dark Templar  
  170  16:54  Dark Templar  
  174  16:59  Dark Templar  
  174  17:00  Dark Templar  
  174  17:55  Tempest x2  
  182  17:59  Protoss Air Weapons Level 1  
  182  18:03  Pylon, Stargate  
  182  18:05  Pylon, Stargate  
  182  18:08  Assimilator, Stargate  
  180  18:12  Assimilator  
  176  18:31  Zealot x2, High Templar x2  
  176  18:32  Zealot  
  176  18:33  High Templar x3  
  192  18:39  Graviton Catapult  
  192  19:10  Photon Cannon  
  192  19:12  Photon Cannon, High Templar  
  192  19:13  High Templar  
  192  19:15  Photon Cannon  
  192  19:17  Photon Cannon  
  187  19:53  Protoss Air Armor Level 1  
  187  19:56  Carrier x2  
  199  20:18  Nexus  
  161  21:37  Carrier x3  
  179  22:02  Probe, Pylon  
  179  22:05  Probe  
  178  22:45  Pylon  
  170  23:16  Archon  
  170  23:17  Archon  
  170  23:23  Carrier x2 (Chrono Boost)  
  170  23:24  Carrier (Chrono Boost)  
  188  23:40  Dark Templar x2  
  184  24:01  Archon  
  184  24:02  High Templar x3  
  196  24:11  Carrier (Chrono Boost)  
  196  24:30  Nexus  
  196  24:33  Pylon  
  196  24:34  Pylon  
  196  24:38  Assimilator  
  196  24:39  Protoss Air Weapons Level 2 (Chrono Boost)  
  196  24:44  Protoss Shields Level 1  
  196  25:01  Pylon  
  196  25:09  Photon Cannon  
  196  25:16  Photon Cannon  
  196  25:17  Photon Cannon  
  196  25:20  Photon Cannon  
  196  25:25  Cybernetics Core  
  196  25:29  Observer  
  196  26:03  Zealot, Dark Templar  
  196  26:04  Zealot x5  
  193  26:05  Zealot  
  169  26:25  Zealot x3  
  173  26:26  Zealot x4  
  155  26:49  Archon  
  155  26:50  High Templar x2  
  156  27:02  Pylon  
  156  27:15  Gateway  
  156  27:17  Gateway  
  156  27:19  Pylon  
  156  27:21  Pylon  
  156  27:51  Zealot x2  
Tags
 
Add a new tag
Caveats
  • Supply blocks, unpowered buildings, or Contaminate may cause inaccurate times.
  • Supply counts are checked every 10 seconds.